 Dungeon Crawl Stone Soup version 0.17.0-26-gececa24 (webtiles) character file.

434 inmateoo the Slasher (level 6, -13/47 HPs)
             Began as a Mummy Fighter on Nov 20, 2015.
             Killed from afar by a gnoll (27 damage)
             ... with a wand of fire
             ... on level 3 of the Dungeon.
             The game lasted 00:06:15 (3938 turns).

inmateoo the Slasher (Mummy Fighter)                Turns: 3938, Time: 00:06:15

Health: -13/47     AC: 11    Str: 22    XL:     6   Next: 67%
Magic:  6/6        EV:  7    Int:  7    God:
Gold:   172        SH:  9    Dex: 11    Spells: 0 memorised, 5 levels left

rFire  x . .     SeeInvis .     f - +0 dagger (drain)
rCold  + . .     Clarity  .     b - +0 scale mail
rNeg   + + +     SustAt   .     c - +0 shield
rPois  ∞         Gourm    .     k - +1 helmet
rElec  .         Spirit   .     (no cloak)
rCorr  .         Warding  .     d - +0 pair of gloves
rMut   .         Stasis   .     j - +0 pair of boots
MR     .....                    (no amulet)
Stlth  ..........               (no ring)
                                (no ring)

@: not resistant to hostile enchantments, extremely unstealthy
A: no food or potions, fire vulnerability, cold resistance 1, negative energy
resistance 3, torment resistance, unbreathing
a: no special abilities


You were on level 3 of the Dungeon.
You were not hungry.

You visited 1 branch of the dungeon, and saw 4 of its levels.

You collected 172 gold pieces.

Inventory:

Hand Weapons
 a - a +0 long sword
 f - a +0 dagger of draining (weapon)
Armour
 b - a +0 scale mail (worn)
 c - a +0 shield (worn)
 d - a +0 pair of gloves (worn)
 j - a +0 pair of boots (worn)
 k - a +1 helmet (worn)
Wands
 e - a wand of heal wounds (0)
 g - a wand of flame (15)
 l - a wand of teleportation (0)
Scrolls
 i - a scroll of remove curse


   Skills:
 + Level 3.5 Fighting
 + Level 5.3 Long Blades
 + Level 2.8 Armour
 + Level 2.9 Shields


You had 5 spell levels left.
You didn't know any spells.

Dungeon Overview and Level Annotations

Branches:
Dungeon (4/15)
 Temple: D:4-7

Altars:
Makhleb
Xom
Zin

Annotations:
D:3 graki42's ghost, amateur HaBe


Innate Abilities, Weirdness & Mutations

You do not eat or drink.
Your flesh is vulnerable to fire.
You are immune to poison.
Your flesh is cold resistant.
You are immune to negative energy.
You are immune to unholy pain and torment.
You can survive without breathing.


Message History

You are too injured to fight recklessly!
Unknown command.
Evoke which item? (* to show all) (? for menu, Esc to quit)
Zapping:
e - a wand of heal wounds (will waste charges)
Press: ? - help, Shift-Dir - straight line, f - you You feel much better.
Evoking this partially-identified wand wasted a few charges.
The gnoll zaps a wand.
The bolt of fire hits you! The fire burns you terribly!
* * * LOW HITPOINT WARNING * * *
The gnoll hits you with a spear.
* * * LOW HITPOINT WARNING * * *
Unknown command.
Unknown command.
Evoke which item? (* to show all) (? for menu, Esc to quit)
Zapping:
e - a wand of heal wounds {zapped: 3} (will waste charges)
Press: ? - help, Shift-Dir - straight line, f - you Nothing appears to happen.
The gnoll zaps a wand.
The bolt of fire hits you! The fire burns you terribly!
Ouch! That really hurt!
You die...

≈≈≈≈≈≈≈≈....≈≈≈≈≈≈≈≈≈≈≈≈≈≈
≈≈≈≈≈≈≈≈.)..≈≈≈≈≈≈≈≈≈≈≈≈≈≈
≈≈≈≈≈≈≈≈.)..≈≈≈≈≈≈≈≈≈≈≈≈##
.........†..............#g
########''''#############.
#######.)..# #'
+.....'....+ #.
#######....# ##@'##
.......g.g.....
...............
...............
...............
#######''###### '..' ####


You could see 2 gnolls.

Vanquished Creatures
  An iron imp (D:2)
  2 orc wizards (D:4)
  A worker ant zombie (D:4)
  Robin (D:2)
  17 gnolls
  5 adders (D:2)
  2 oozes
  2 worms (D:3)
  5 orcs
  4 giant cockroaches
  13 hobgoblins
  13 jackals
  8 kobolds
  6 bats
  6 giant geckos
  2 giant newts
  11 goblins
  A quokka (D:3)
  3 rats
103 creatures vanquished.

Notes
Turn   | Place    | Note
--------------------------------------------------------------
     0 | D:1      | inmateoo the Mummy Fighter began the quest for the Orb.
     0 | D:1      | Reached XP level 1. HP: 18/18 MP: 1/1
    36 | D:1      | Reached XP level 2. HP: 5/24 MP: 2/2
   514 | D:1      | Found a shimmering altar of Xom.
  1025 | D:2      | Noticed Robin
  1032 | D:2      | Reached XP level 3. HP: 22/29 MP: 3/3
  1372 | D:2      | Killed Robin
  1372 | D:2      | Reached XP level 4. HP: 25/35 MP: 4/4
  1567 | D:2      | Found a glowing silver altar of Zin.
  1583 | D:2      | Reached skill level 4 in Long Blades
  1933 | D:2      | Found a burning altar of Makhleb.
  1970 | D:2      | Reached XP level 5. HP: 11/41 MP: 5/5
  2422 | D:3      | You fall through a shaft!
  2425 | D:4      | Got a dazzling leather armour
  2436 | D:4      | Identified the +1 leather armour of Hunluijil {rElec Str+2 Int-3 Dex+4} (You found it on level 4 of the Dungeon)
  2632 | D:3      | Noticed graki42's ghost (amateur HaBe)
  2828 | D:4      | Reached skill level 5 in Long Blades
  2845 | D:4      | Noticed a phantom
  2950 | D:3      | Reached XP level 6. HP: 41/47 MP: 6/6
  3078 | D:3      | Noticed an ogre
  3938 | D:3      | Killed from afar by a gnoll

Action                   |  1- 3 |  4- 6 || total
-------------------------+-------+-------++-------
Melee: Long sword        |    40 |    13 ||    53
       Dagger            |   120 |   419 ||   539
Evoke: Wand              |       |     1 ||     1
  Use: Scroll            |       |     5 ||     5
